Map: Vaani Research Station

Players

Rob - Winner!

  • Race: Protoss Protoss
  • League: Grandmaster
  • Spawn Location: 6:00

Jason

  • Race: Terran Terran
  • League: Grandmaster
  • Spawn Location: 12:00

VOD

Have the link to the VOD?

Description

Time

  • Played on: May 13, 2019, 4:27 p.m.
  • Length: 24:48
Show
View Real Time Build Order
Export as new Build Order

Rob Protoss - Winner!

Build Orders: 1 Gate Expand, Oracle Opening 

Get SALT Encoding   

  12  0:01  Probe  
  13  0:13  Probe  
  14  0:19  Pylon  
  14  0:25  Probe  
  15  0:33  Probe  
  15  0:37  Gateway  
  16  0:42  Probe  
  16  0:45  Assimilator  
  17  0:53  Probe  
  18  1:09  Probe  
  19  1:24  Cybernetics Core  
  19  1:28  Probe  
  20  1:34  Nexus  
  20  1:44  Pylon  
  20  1:45  Probe  
  21  1:50  Assimilator  
  21  1:53  Adept  
  21  1:57  Probe  
  22  2:04  Warp Gate  
  24  2:09  Probe  
  24  2:14  Adept  
  25  2:20  Pylon  
  25  2:21  Probe  
  28  2:33  Probe  
  29  2:39  Stalker  
  29  2:45  Stargate, Probe  
  32  2:52  Probe  
  33  3:01  Probe  
  33  3:04  Probe  
  35  3:13  Probe  
  35  3:16  Probe  
  37  3:20  Robotics Facility  
  37  3:22  Oracle  
  37  3:28  Probe  
  41  3:36  Probe  
  41  3:40  Probe  
  43  3:43  Gateway x2  
  43  3:52  Probe  
  43  3:54  Probe  
  45  4:01  Oracle  
  48  4:05  Probe  
  49  4:12  Probe  
  47  4:17  Probe  
  47  4:19  Observer  
  47  4:21  Assimilator  
  47  4:22  Pylon  
  48  4:25  Assimilator  
  48  4:31  Probe x2  
  50  4:38  Pylon  
  50  4:39  Oracle  
  50  4:43  Probe x2  
  55  4:51  Nexus  
  55  4:53  Stalker  
  55  4:57  Pylon  
  55  4:58  Pylon  
  57  5:00  Probe x2  
  59  5:08  Phoenix  
  59  5:11  Robotics Bay  
  59  5:13  Forge  
  59  5:19  Probe  
  60  5:32  Stalker  
  60  5:33  Stalker  
  60  5:34  Probe x2  
  64  5:41  Zealot  
  59  5:46  Probe  
  60  5:53  Probe  
  61  5:58  Probe  
  61  6:04  Probe  
  63  6:07  Protoss Ground Weapons Level 1  
  63  6:08  Photon Cannon  
  63  6:10  Colossus, Probe  
  63  6:11  Probe  
  55  6:21  Probe  
  55  6:23  Probe  
  63  6:27  Probe  
  60  6:35  Probe  
  60  6:37  Probe  
  60  6:39  Probe  
  63  6:46  Phoenix  
  63  6:47  Probe  
  63  6:49  Probe  
  64  6:59  Probe  
  65  7:02  Gateway  
  65  7:05  Probe x2, Gateway  
  65  7:07  Gateway  
  67  7:09  Phoenix  
  67  7:10  Gateway  
  67  7:11  Probe  
  67  7:13  Gateway  
  70  7:17  Colossus, Probe x2  
  70  7:20  Photon Cannon  
  72  7:23  Probe  
  72  7:29  Probe x2  
  81  7:35  Probe  
  82  7:37  Gateway  
  82  7:38  Gateway  
  82  7:40  Zealot  
  82  7:44  Extended Thermal Lance  
  86  7:46  Gateway  
  86  7:49  Pylon  
  86  7:53  Phoenix  
  86  7:56  Protoss Ground Armor Level 1  
  86  8:06  Zealot x5  
  86  8:10  Pylon  
  96  8:19  Colossus  
  96  8:21  Assimilator  
  96  8:23  Phoenix  
  96  8:25  Assimilator, Photon Cannon  
  102  8:30  Pylon  
  102  8:34  Probe x3  
  107  8:36  Zealot  
  109  8:46  Probe x3  
  112  8:52  Pylon  
  112  8:53  Pylon  
  112  8:55  Pylon  
  112  9:03  Photon Cannon  
  112  9:05  Shield Battery  
  112  9:07  Pylon  
  112  9:10  Twilight Council  
  112  9:17  Phoenix  
  112  9:20  Nexus, Probe x2  
  112  9:23  Pylon  
  114  9:24  Pylon  
  114  9:28  Colossus  
  116  9:40  Phoenix  
  116  9:42  Pylon  
  124  9:45  Forge  
  124  9:55  Probe x2  
  124  9:56  Probe  
  127  10:07  Assimilator, Probe  
  127  10:09  Phoenix  
  127  10:12  Assimilator  
  128  10:15  Colossus, Probe x2  
  128  10:19  Probe  
  131  10:26  Charge  
  131  10:27  Photon Cannon  
  131  10:28  Photon Cannon x2  
  131  10:29  Protoss Ground Armor Level 2, Protoss Ground Weapons Level 2  
  131  10:30  Shield Battery  
  131  10:32  Pylon  
  131  10:46  Templar Archives  
  131  11:00  Zealot x2  
  131  11:01  Zealot x8  
  151  11:12  Photon Cannon  
  151  11:14  Photon Cannon  
  151  11:15  Photon Cannon  
  151  11:24  High Templar x10  
  169  11:26  Zealot  
  169  11:28  Archon x4  
  169  11:29  Pylon, Archon  
  169  11:39  Photon Cannon  
  169  11:41  Photon Cannon  
  169  11:54  High Templar  
  169  11:56  High Templar x3  
  169  11:57  Zealot x7  
  169  12:01  Archon  
  189  12:02  Archon  
  189  12:12  Pylon  
  185  12:23  Zealot x7  
  199  12:31  Gateway  
  199  12:33  Gateway  
  199  12:35  Gateway  
  125  12:58  Zealot x11  
  139  13:04  Nexus  
  147  13:11  Stargate  
  147  13:12  Stargate  
  147  13:15  Robotics Facility  
  147  13:19  High Templar x8  
  163  13:21  High Templar  
  163  13:22  High Templar  
  163  13:25  Archon x4  
  163  13:26  Archon  
  167  13:28  Protoss Ground Weapons Level 3  
  167  13:35  Nexus  
  167  13:38  Protoss Ground Armor Level 3  
  167  13:40  Pylon  
  167  13:53  Phoenix  
  167  13:54  Phoenix  
  167  13:56  Fleet Beacon  
  171  14:05  Photon Cannon  
  171  14:07  Photon Cannon  
  167  14:31  Photon Cannon x2  
  167  14:33  Photon Cannon  
  167  14:35  Photon Cannon  
  167  14:37  Photon Cannon  
  167  14:39  Shield Battery  
  167  14:40  Shield Battery  
  167  14:43  Pylon  
  167  14:45  Assimilator  
  167  14:49  Protoss Air Weapons Level 1  
  167  14:51  Assimilator  
  167  15:00  High Templar x7  
  167  15:01  Zealot x3  
  167  15:04  Archon x2  
  167  15:05  Archon  
  171  15:14  Colossus, Tempest  
  171  15:19  Tempest  
  153  15:24  Colossus  
  141  15:39  Zealot x8, Pylon  
  157  15:52  High Templar  
  157  15:53  High Templar x3  
  157  15:54  Zealot x2  
  167  15:57  Archon  
  167  15:58  Archon  
  160  16:13  Zealot x8  
  116  16:36  Zealot x3, High Templar x8  
  116  16:37  Zealot x2, Psionic Storm  
  116  16:39  Pylon  
  140  16:42  Assimilator x2  
  140  16:45  Archon x4  
  140  16:53  Zealot  
  142  17:00  Zealot x5  
  152  17:05  Tempest  
  152  17:06  Tempest  
  152  17:11  Colossus  
  139  17:39  Colossus  
  139  17:40  Zealot x2, High Templar x2  
  139  17:41  Zealot x5, Tempest  
  163  17:46  Tempest  
  163  17:50  Probe x3  
  163  17:51  Probe x2  
  168  17:56  High Templar x2  
  177  18:04  Zealot x2  
  186  18:17  Pylon  
  186  18:18  Probe  
  186  18:19  Probe x3  
  190  18:20  High Templar x4  
  190  18:24  Archon x2  
  198  18:32  Protoss Air Weapons Level 2  
  196  18:36  Protoss Shields Level 1, Tempest x2  
  195  19:01  Shield Battery  
  195  19:03  Shield Battery  
  195  19:04  Shield Battery  
  195  19:06  Shield Battery  
  195  19:07  Shield Battery  
  195  19:08  Stargate x2  
  195  19:09  Stargate  
  194  19:19  Zealot x3  
  200  19:30  Zealot, High Templar x2  
  200  19:31  Zealot x8  
  198  19:47  Shield Battery  
  198  19:49  Shield Battery  
  198  19:50  Shield Battery  
  198  19:52  Shield Battery  
  198  19:54  Shield Battery  
  181  20:04  Tempest  
  181  20:05  Tempest  
  161  20:07  Zealot x7  
  161  20:08  Zealot x7, Tempest  
  161  20:11  Tempest  
  175  20:24  Archon  
  165  20:30  High Templar  
  165  20:31  High Templar x6  
  165  20:32  Zealot x4  
  165  20:33  Zealot  
  189  20:38  Archon x3  
  187  20:51  Tempest  
  187  20:52  Tempest  
  197  20:58  High Templar  
  197  21:00  Pylon  
  199  21:06  Nexus  
  199  21:08  Nexus  
  199  21:14  Pylon  
  194  21:33  High Templar  
  194  21:34  High Templar  
  196  21:40  Zealot x2  
  196  21:54  Protoss Shields Level 2  
  196  22:00  Zealot x6  
  200  22:05  Protoss Air Weapons Level 3  
  200  22:07  Zealot x2  
  200  22:14  Nexus  
  188  22:17  Shield Battery  
  188  22:18  Zealot x4, Shield Battery  
  188  22:20  Shield Battery  
  188  22:21  Shield Battery  
  195  22:23  Shield Battery  
  195  22:24  Shield Battery  
  195  22:26  High Templar x2, Shield Battery  
  195  22:29  Pylon  
  199  22:36  Tempest  
  199  22:37  Tempest  
  195  22:42  Zealot x3  
  200  22:53  Shield Battery  
  200  22:54  Shield Battery  
  200  22:56  Shield Battery  
  194  22:59  High Templar x3  
  200  23:06  Assimilator  
  200  23:08  Assimilator  
  195  23:14  Tempest  
  196  23:54  Disruptor  
  195  24:05  High Templar x2  
  199  24:11  Zealot x2  
  190  24:31  High Templar x2  
Show
View Real Time Build Order
Export as new Build Order

Jason Terran 

Build Orders: Gas First Reaper Expand 

Get SALT Encoding   

  12  0:00  SCV  
  13  0:12  SCV  
  14  0:17  Supply Depot  
  14  0:25  SCV  
  15  0:30  Refinery  
  15  0:39  SCV  
  16  0:46  Barracks  
  16  0:51  SCV  
  17  1:03  SCV  
  18  1:15  SCV  
  19  1:34  Reaper, Orbital Command  
  20  1:50  Command Center  
  20  1:58  Factory  
  20  2:02  SCV  
  20  2:07  Barracks Reactor  
  21  2:14  SCV  
  22  2:16  Supply Depot  
  22  2:23  Refinery  
  22  2:26  SCV  
  23  2:38  SCV  
  24  2:51  Barracks Tech Lab  
  24  2:53  Hellion  
  24  2:54  SCV, Hellion, Starport  
  29  3:03  Orbital Command  
  29  3:17  Widow Mine x2  
  31  3:28  SCV  
  31  3:33  SCV  
  32  3:40  Medivac  
  37  3:41  Widow Mine x2  
  37  3:47  SCV  
  38  3:48  SCV  
  39  3:59  SCV  
  39  4:01  Marine  
  40  4:07  Widow Mine x2  
  44  4:16  SCV  
  41  4:18  SCV  
  38  4:28  Medivac  
  38  4:29  SCV  
  41  4:39  Widow Mine  
  41  4:41  Widow Mine  
  41  4:45  SCV  
  46  4:49  SCV  
  45  4:56  Supply Depot  
  43  5:01  Widow Mine  
  43  5:04  SCV  
  43  5:05  SCV  
  46  5:18  SCV x2  
  48  5:27  Engineering Bay  
  48  5:30  SCV  
  48  5:34  SCV  
  50  5:42  SCV  
  51  5:47  SCV  
  50  5:51  Widow Mine, Marine  
  50  5:54  SCV, Missile Turret  
  54  5:59  SCV, Widow Mine  
  54  6:01  Command Center  
  57  6:08  SCV  
  58  6:13  SCV  
  57  6:21  SCV  
  57  6:24  Viking  
  57  6:25  SCV  
  57  6:29  Missile Turret  
  52  6:33  SCV  
  52  6:37  SCV  
  51  6:45  SCV  
  49  6:47  Marine x2  
  49  6:48  Siege Tank  
  49  6:49  SCV  
  52  6:57  SCV, Viking  
  55  7:01  SCV  
  55  7:08  Marine x2  
  56  7:09  SCV  
  56  7:10  Barracks  
  56  7:11  Barracks  
  56  7:13  SCV  
  56  7:14  Orbital Command  
  60  7:21  SCV  
  60  7:22  Siege Tank  
  64  7:26  SCV  
  64  7:27  Refinery  
  64  7:28  Refinery  
  64  7:29  Starport Tech Lab, Marine x2  
  66  7:33  SCV  
  66  7:34  Supply Depot  
  68  7:38  SCV  
  68  7:40  SCV  
  70  7:45  SCV  
  70  7:47  Orbital Command  
  70  7:50  SCV  
  73  7:56  Starport Reactor  
  73  7:57  SCV  
  73  8:00  Siege Tank  
  73  8:01  Barracks Reactor  
  73  8:02  SCV, Barracks  
  73  8:05  Barracks  
  75  8:09  SCV  
  75  8:12  SCV  
  77  8:13  Marine  
  77  8:14  SCV, Marine x2  
  77  8:18  Missile Turret  
  81  8:22  SCV  
  81  8:24  SCV  
  81  8:26  SCV  
  84  8:29  Factory  
  84  8:30  Marine  
  84  8:33  Stimpack  
  85  8:40  Marine x2  
  85  8:41  SCV x3, Bunker, Siege Tank  
  93  8:42  Supply Depot  
  93  8:43  Supply Depot  
  93  8:53  Barracks Reactor  
  93  8:54  Barracks Reactor  
  93  9:03  Marine x2  
  93  9:04  SCV x3  
  93  9:05  Supply Depot  
  93  9:07  Supply Depot  
  93  9:08  Marine x3  
  101  9:11  Missile Turret, Medivac  
  101  9:14  Factory Tech Lab  
  101  9:16  SCV x3, Siege Tank  
  109  9:26  Refinery x2  
  109  9:27  Marine x4  
  109  9:28  SCV x3  
  109  9:29  Marine x3  
  109  9:31  Marine  
  120  9:32  Marine  
  120  9:35  Siege Tank  
  124  9:40  SCV  
  124  9:42  Supply Depot  
  124  9:45  Supply Depot  
  125  9:48  Supply Depot  
  125  9:50  Supply Depot  
  125  9:51  SCV, Marine  
  125  9:52  Medivac  
  129  9:55  Medivac  
  129  9:57  Marine x2  
  133  10:04  Terran Infantry Weapons Level 1, SCV x2, Marine x3  
  138  10:08  Engineering Bay  
  138  10:14  Marine  
  136  10:15  Siege Tank  
  136  10:16  Marine x2  
  140  10:22  Factory  
  140  10:27  Marine  
  140  10:28  Marine x2  
  143  10:29  Marine x3  
  143  10:31  SCV  
  143  10:34  Combat Shield  
  147  10:41  Marine x3  
  150  10:44  Siege Tank  
  150  10:45  SCV x2, Marine  
  150  10:48  SCV  
  157  10:50  Supply Depot, Marine x2  
  157  10:51  Supply Depot, Marine  
  157  10:52  Marine  
  157  10:56  Siege Tank  
  164  11:00  Marine  
  165  11:07  Terran Infantry Armor Level 1  
  165  11:09  Factory Tech Lab  
  165  11:12  SCV x2, Marine x6  
  165  11:15  Supply Depot  
  165  11:16  Supply Depot  
  165  11:17  Marine  
  173  11:19  Marine x2  
  173  11:22  Siege Tank  
  177  11:27  Siege Tank  
  177  11:29  Marine  
  177  11:32  Supply Depot  
  181  11:35  Marine x2  
  181  11:37  Siege Tank  
  181  11:38  Marine x3  
  189  11:40  Marine  
  189  11:41  Marine  
  189  11:46  Armory  
  191  11:55  Siege Tank, Marine x4  
  197  12:08  Siege Tank  
  197  12:25  Command Center, Siege Tank  
  197  12:26  Command Center  
  151  12:42  Marine  
  151  12:43  Siege Tank, Marine  
  127  12:45  Marine x4  
  127  12:46  Siege Tank, Marine x3  
  126  12:51  Terran Infantry Weapons Level 2  
  126  12:56  SCV  
  118  13:00  Marine x2  
  118  13:03  Marine x4  
  118  13:04  Marine x2  
  127  13:09  Terran Infantry Armor Level 2  
  128  13:14  Terran Vehicle Weapons Level 1  
  128  13:18  Marine  
  128  13:19  Siege Tank x2  
  133  13:22  Siege Tank  
  133  13:23  Marine  
  133  13:25  Marine  
  133  13:26  Marine  
  139  13:28  Marine x2  
  139  13:29  Marine  
  139  13:30  Marine  
  139  13:32  Marine  
  144  13:41  Marine x2  
  144  13:42  Marine  
  144  13:43  Marine  
  144  13:45  Marine  
  144  13:46  Marine  
  144  13:47  Marine  
  151  13:51  Siege Tank  
  151  13:54  Siege Tank  
  151  13:55  Sensor Tower  
  157  13:56  Marine  
  158  14:03  Siege Tank  
  160  14:17  Marine x7  
  160  14:18  Marine x2  
  160  14:21  Planetary Fortress  
  160  14:23  Siege Tank  
  172  14:26  Siege Tank  
  172  14:28  Missile Turret  
  172  14:31  Planetary Fortress  
  175  14:32  Missile Turret  
  175  14:35  Marine  
  176  14:39  Sensor Tower x2, Siege Tank, Marine  
  176  14:40  Marine  
  176  14:41  Marine  
  182  14:46  Marine x3  
  182  14:47  Marine x2  
  187  14:53  Marine  
  187  14:57  Marine  
  187  14:58  Marine  
  187  14:59  Marine  
  191  15:02  Missile Turret  
  191  15:03  Missile Turret  
  191  15:04  Sensor Tower, Marine x4  
  191  15:05  Marine  
  191  15:06  Bunker  
  196  15:09  Bunker  
  196  15:10  Marine  
  186  15:15  Siege Tank  
  186  15:16  Marine x2  
  173  15:24  Siege Tank, Marine  
  173  15:25  Marine x3  
  173  15:26  Marine x2  
  177  15:28  Marine  
  177  15:29  Siege Tank  
  177  15:31  Terran Infantry Armor Level 3, Terran Infantry Weapons Level 3  
  177  15:34  Marine x2  
  183  15:42  Marine  
  183  15:43  Marine x2  
  183  15:46  Marine x2  
  183  15:47  Siege Tank  
  191  15:50  Marine x2  
  191  15:51  Marine  
  191  15:54  Marine  
  191  15:57  Siege Tank  
  198  16:00  Starport x3, Marine x2  
  184  16:20  Marine  
  184  16:23  Marine x7  
  184  16:24  Siege Tank  
  149  16:31  Marine  
  120  16:33  Siege Tank  
  120  16:35  Siege Tank  
  120  16:37  Viking x2  
  120  16:38  Marine  
  120  16:39  Viking  
  133  16:40  Viking  
  133  16:41  Marine  
  133  16:44  Viking  
  133  16:46  Marine  
  139  16:49  Marine  
  139  16:53  Marine  
  141  16:54  Marine x2  
  141  16:55  Refinery  
  141  16:56  Siege Tank  
  141  16:58  Refinery  
  146  17:04  Marine  
  146  17:05  Siege Tank, Marine  
  146  17:06  Marine x2  
  146  17:07  Siege Tank  
  153  17:10  Viking  
  153  17:12  Viking  
  153  17:14  SCV  
  153  17:15  SCV x2  
  159  17:16  SCV x2  
  159  17:20  Refinery  
  161  17:23  Marine x2  
  161  17:25  Medivac  
  161  17:27  SCV x2  
  161  17:28  Siege Tank  
  161  17:29  Viking x2  
  169  17:39  SCV x4  
  169  17:40  Viking  
  175  17:45  Viking, Marine x2  
  175  17:47  Marine  
  175  17:48  Marine  
  175  17:49  Marine x2  
  183  17:51  Marine x2  
  183  17:57  Terran Vehicle Weapons Level 2  
  185  18:02  Sensor Tower  
  185  18:03  Refinery  
  185  18:05  Marine x2  
  185  18:06  Marine x3  
  185  18:07  Marine  
  185  18:11  Viking  
  193  18:15  Viking, Missile Turret  
  193  18:19  Viking  
  197  18:21  Viking  
  197  18:26  Marine  
  198  18:42  Viking  
  200  18:50  Command Center  
  200  18:51  Command Center  
  200  18:53  Missile Turret x2  
  198  19:21  Viking  
  194  19:27  Viking x2  
  194  19:28  Siege Tank, Marine  
  194  19:29  Marine x8  
  194  19:30  Viking  
  193  19:32  Siege Tank  
  193  19:36  Siege Tank  
  199  19:46  Marine  
  200  19:53  Sensor Tower  
  200  19:57  Missile Turret  
  200  19:58  Missile Turret  
  180  20:03  Siege Tank  
  180  20:04  Viking  
  161  20:08  Viking x3  
  161  20:09  Viking  
  161  20:11  Thor  
  161  20:14  Marine x5  
  172  20:15  Marine  
  162  20:27  Siege Tank  
  151  20:30  Marine x2  
  151  20:32  Marine x2  
  151  20:33  Marine x4  
  151  20:34  Viking  
  151  20:35  Siege Tank  
  163  20:38  Viking x3  
  163  20:39  Medivac  
  163  20:40  Marine  
  170  20:48  Marine  
  171  20:54  Siege Tank  
  174  21:04  Medivac  
  174  21:05  Starport  
  174  21:06  Starport  
  174  21:08  Viking x2, Medivac  
  182  21:19  Viking x2  
  182  21:24  Terran Ship Weapons Level 1  
  180  21:34  Viking, Siege Tank  
  180  21:38  Viking x3, Marine  
  180  21:39  Marine  
  189  21:44  Siege Tank  
  192  21:49  Viking x2  
  182  22:04  Viking  
  182  22:07  Viking  
  182  22:08  Marine x3  
  184  22:13  Viking  
  185  22:18  Viking  
  187  22:22  Marine  
  187  22:24  Planetary Fortress  
  187  22:29  Marine x2  
  189  22:34  Siege Tank  
  192  22:42  Viking  
  194  22:44  Viking  
  194  22:50  Siege Tank  
  197  22:52  Marine  
  197  23:03  Refinery  
  197  23:04  Refinery, Marine  
  187  23:32  Planetary Fortress  
  175  23:55  Viking  
  172  23:59  Marine x4  
  174  24:06  Viking  
  158  24:17  Viking  
  153  24:27  Marine x4  
  153  24:28  Marine  
Tags
 
Add a new tag
Caveats
  • Supply blocks, unpowered buildings, or Contaminate may cause inaccurate times.
  • Supply counts are checked every 10 seconds.